 Dungeon Crawl Stone Soup version 0.27-a0-417-g317cea8a3c (webtiles) character file.

Game seed: 3282982067542587011

1483 hellse the Fighter (level 8, -1/97 HPs)
             Began as an Ogre Monk on Feb 25, 2021.
             Was a Priest of Okawaru.
             Succumbed to an orc warrior's poison
             ... on level 6 of the Dungeon.
             The game lasted 00:14:33 (13644 turns).

hellse the Fighter (Ogre Monk)                     Turns: 13644, Time: 00:14:33

Health: -1/97      AC:  3    Str: 16    XL:     8   Next: 79%
Magic:  8/8        EV: 10    Int: 11    God:    Okawaru [***...]
Gold:   338        SH:  0    Dex: 13    Spells: 7/7 levels left

rFire    . . .     SeeInvis .   t - +1 hand axe (vorpal)
rCold    . . .     Faith    +   (no shield)
rNeg     . . .     Spirit   .   b - +0 robe
rPois    .         Reflect  .   (helmet restricted)
rElec    .         Harm     .   (no cloak)
rCorr    +         Rampage  .   (gloves unavailable)
Will     .....                  (boots unavailable)
Stlth    ++........             l - amulet of faith
HPRegen  0.26/turn              w - ring of resist corrosion
MPRegen  0.11/turn              (no ring)

@: lethally poisoned (-1 -> -8)
A: large, unfitting armour, tough skin 1
a: Renounce Religion, Heroism


You were on level 6 of the Dungeon.
You worshipped Okawaru.
Okawaru was most pleased with you.
You visited 2 branches of the dungeon, and saw 8 of its levels.

You collected 338 gold pieces.

Inventory:

Hand Weapons
 a - a +0 mace
 e - a +2 spear of venom
 j - a +0 flail
 t - a +1 vorpal hand axe (weapon)
Missiles
 m - 41 poisoned darts (quivered)
 o - a throwing net
 p - an atropa-tipped dart
 v - 2 javelins
Armour
 b - a +0 robe (worn)
Jewellery
 l - an amulet of faith (around neck)
 w - a ring of resist corrosion (left hand)
Wands
 g - a wand of flame (22)
 x - a wand of random effects (14)
Scrolls
 d - 6 scrolls of teleportation
 f - a scroll of immolation
 h - 2 scrolls of amnesia
 n - a scroll of fear
 q - a scroll of enchant armour
 s - a scroll of blinking
 u - a scroll of enchant weapon {unknown}
Potions
 c - a potion of brilliance


   Skills:
 + Level 11.3 Fighting
 - Level 6.1 Maces & Flails
 - Level 2.1 Throwing
 - Level 2.6 Dodging
 - Level 1.4 Stealth
 - Level 1.0 Invocations


You had 7 spell levels left.
You didn't know any spells.
Your spell library was empty.

Dungeon Overview and Level Annotations

Branches:
Dungeon (7/15)             Temple (1/1) D:6

Altars:
Ashenzari
Cheibriados
Dithmenos
Fedhas
Gozag
Makhleb
Okawaru
Qazlal
Sif Muna
Trog
Uskayaw
Wu Jian
Xom
Yredelemnul

Shops:
D:7 [


Innate Abilities, Weirdness & Mutations

You are too large for most types of armour.
You have tough skin. (AC +1)


Message History

Okawaru accepts your kill.
* * * LOW HITPOINT WARNING * * *
You feel sick.
* * * LOW HITPOINT WARNING * * *
You feel very sick.
Items here: " ( ) [.
Okay, then.
Okay, then.
As you read the scroll labelled BOADIN QEPNU, it crumbles to dust.
You feel strangely unstable.
It was a scroll of teleportation.
* * * LOW HITPOINT WARNING * * *
You feel very sick.
* * * LOW HITPOINT WARNING * * *
You feel sick.
Your surroundings suddenly seem different.
You feel like a meek peon again.
* * * LOW HITPOINT WARNING * * *
You feel sick.
* * * LOW HITPOINT WARNING * * *
You feel very sick.
* * * LOW HITPOINT WARNING * * *
You feel sick.
* * * LOW HITPOINT WARNING * * *
You feel sick.
* * * LOW HITPOINT WARNING * * *
You feel sick.
* * * LOW HITPOINT WARNING * * *
You feel sick.
* * * LOW HITPOINT WARNING * * *
You feel sick.
* * * LOW HITPOINT WARNING * * *
You feel sick.
* * * LOW HITPOINT WARNING * * *
You feel sick.
* * * LOW HITPOINT WARNING * * *
You feel sick.
You see here a +0 plate armour.
* * * LOW HITPOINT WARNING * * *
You feel sick.
You die...

##.#####⌠.⌠#####..........#...#
#.....#.>[[..............##..#
#..####⌠.⌠####...........##..#
#### ####### #................
###.### #.........##..... #.#
#..............## #.#
#.............###
#.#####.............##.
#.....@.............##.
####................#..
####.[......######....
#.##.......## ##....
#####..##......# #.....
##..##..##......######....# ###
#........#..............### ..#
#........[[............##
..######.....................#


There were no monsters in sight!

Vanquished Creatures
  3 orc warriors
  A howler monkey (D:6)
  A bullfrog skeleton (D:6)
  2 hounds
  2 jellies (D:5)
  5 orc priests
  3 centaur skeletons
  10 orc wizards
  6 worker ants
  A howler monkey skeleton (D:6)
  A worker ant zombie (D:7)
  11 gnolls
  6 adders
  2 shadow imps
  3 white imps
  An ooze (D:5)
  3 worms
  4 leopard geckos
  34 orcs
  7 giant cockroaches
  8 goblins
  8 hobgoblins
  4 jackals (D:2)
  3 quokkas
  4 ball pythons
  8 bats
  6 frilled lizards
  A giant cockroach zombie (D:4)
  12 kobolds
  A leopard gecko skeleton (D:4)
  5 rats
166 creatures vanquished.

Notes
Turn   | Place    | Note
-------+----------+-------------------------------------------
     0 | D:1      | hellse the Ogre Monk began the quest for the Orb.
     0 | D:1      | Reached XP level 1. HP: 24/24 MP: 1/1
   413 | D:1      | Reached XP level 2. HP: 7/32 MP: 2/2
  1395 | D:2      | Reached XP level 3. HP: 38/39 MP: 3/3
  1520 | D:2      | Found a burning altar of Makhleb.
  2039 | D:2      | Found a broken altar of Ashenzari.
  2162 | D:2      | Reached XP level 4. HP: 48/48 MP: 4/4
  3537 | D:3      | Reached XP level 5. HP: 30/55 MP: 5/5
  3805 | D:4      | Reached skill level 5 in Maces & Flails
  4088 | D:4      | Found a shadowy altar of Dithmenos.
  4113 | D:4      | Found an ornate altar of the Wu Jian Council.
  4152 | D:5      | Entered Level 5 of the Dungeon
  4180 | D:5      | Reached skill level 5 in Fighting
  4466 | D:5      | Found a hide-covered altar of Uskayaw.
  4662 | D:5      | Reached XP level 6. HP: 60/66 MP: 6/6
  5505 | D:5      | Found a shimmering altar of Xom.
  6708 | D:6      | Noticed an orc warrior
  6715 | D:6      | Found a staircase to the Ecumenical Temple.
  6720 | Temple   | Entered the Ecumenical Temple
  6836 | Temple   | Became a worshipper of Warmaster Okawaru
  6836 | Temple   | Reached * piety under Okawaru
  6836 | Temple   | Reached ** piety under Okawaru
  6893 | Temple   | Killed an orc warrior
  6894 | Temple   | Reached skill level 6 in Fighting
  6894 | Temple   | Reached XP level 7. HP: 58/76 MP: 7/7
  6983 | D:6      | Reached skill level 7 in Fighting
  7478 | D:3      | Found a blossoming altar of Fedhas.
  7662 | D:3      | Found an opulent altar of Gozag.
  7837 | D:3      | Reached skill level 8 in Fighting
  7945 | D:3      | Found a shadowy altar of Dithmenos.
  8518 | D:4      | Reached skill level 9 in Fighting
  8822 | D:4      | Reached XP level 8. HP: 72/92 MP: 8/8
  9320 | D:5      | Reached skill level 1 in Invocations
 10064 | D:6      | Reached *** piety under Okawaru
 10065 | D:6      | Reached skill level 10 in Fighting
 11848 | D:7      | Reached skill level 11 in Fighting
 12084 | D:7      | Found Nyrph's Armour Emporium.
 12091 | D:7      | Reached skill level 1 in Throwing
 12826 | D:5      | HP: 4/97 [poisoned by an orc warrior]
 12834 | D:5      | HP: 4/97 [poisoned by an orc warrior]
 12842 | D:5      | HP: 4/97 [poisoned by an orc warrior]
 13226 | D:5      | HP: 7/145 [poisoned by an orc warrior]
 13232 | D:5      | HP: 5/145 [poisoned by an orc warrior]
 13238 | D:5      | HP: 4/145 [poisoned by an orc warrior]
 13244 | D:5      | HP: 3/97 [poisoned by an orc warrior]
 13251 | D:5      | HP: 2/97 [poisoned by an orc warrior]
 13640 | D:6      | HP: 3/97 [poisoned by an orc warrior]
 13643 | D:6      | HP: 1/97 [poisoned by an orc warrior]
 13644 | D:6      | Succumbed to an orc warrior's poison

Illustrated notes

Levels and vault maps discovered:
D:1:      lightli_arrival_maybe_door_vault, layout_basic, skrybe_limestone_x
D:2:      layout_basic, lemuel_crystal_altar, nicolae_overflow_hidden_temple,
          serial_corexii_hall, chequers_hall_statues_corner_a,
          corexii_hall_statues_deadend, minivault_5, st_stairs_13
D:3:      layout_loops_corners, fedhas_altar_1, lemuel_crystal_altar,
          nicolae_dithmenos_shadow_blocks
D:4:      layout_basic, kennysheep_little_box, nzn_wu_jian_contemplation
D:5:      layout_loops_ring, kennysheep_mini, basic_altar, tgw_sif
D:6:      layout_layer_cave, temple_doors_e
D:7:      layout_basic, serial_shops, shop
Temple:   nicolae_temple_figure_zero

Skill      XL: |  1  2  3  4  5  6  7  8 |
---------------+-------------------------+-----
Maces & Flails | 3 4 5 6 |  6.1
Fighting       | 5 6 9 11 | 11.3
Invocations    | 1 |  1.0
Throwing       | 2 |  2.1
Dodging        | |  2.6
Stealth        | |  1.4

Action                   |  1- 3 |  4- 6 |  7- 9 || total
-------------------------+-------+-------+-------++-------
Melee: Mace              |   143 |   116 |       ||   259
       Flail             |       |    86 |       ||    86
       Spear             |       |     2 |   238 ||   240
       Hand axe          |       |       |   111 ||   111
Throw: Dart              |       |       |    17 ||    17
       Throwing net      |       |       |     1 ||     1
Invok: Heroism           |       |       |     1 ||     1
  Use: Scroll            |       |     7 |     4 ||    11
       Potion            |       |     2 |     4 ||     6
 Stab: Sleeping          |     1 |     2 |     1 ||     4
Armor: Robe              |    56 |    44 |    57 ||   157
Dodge: Dodged            |   105 |   102 |   160 ||   367

Table legend: (Time is in decaauts)
 A = Elapsed time spent in this place.
 B = Non-inter-level travel time spent in this place.
 C = Inter-level travel time spent in this place.
 D = Time resting spent in this place.
 E = Time spent auto-exploring this place.
 F = Levels seen in this place.
 G = Mean time per level.
                   A        B        C        D        E       F      G
               +--------+--------+--------+--------+--------+-----+--------+
         Total |  13753 |  13244 |    509 |   5444 |   5683 |   8 | 1719.1 |
       Dungeon |  13494 |  13013 |    481 |   5369 |   5581 |   7 | 1927.7 |
        Temple |    258 |    230 |     28 |     75 |    102 |   1 |  258.0 |
               +--------+--------+--------+--------+--------+-----+--------+

Top non-repeatable levels by time:
     D:5: 3176 daAuts
     D:6: 3118 daAuts
     D:2: 1825 daAuts
     D:4: 1743 daAuts
     D:1: 1603 daAuts
     D:3: 1454 daAuts
     D:7: 572 daAuts
  Temple: 258 daAuts
